 Dungeon Crawl Stone Soup version 0.23-a0-612-gcb482e9 (webtiles) character file.

354 Borgoz the Skirmisher (level 6, 0/53 HPs)
             Began as a Ghoul Abyssal Knight on Dec 22, 2018.
             Was a Priest of Lugonu.
             Slain by a bullfrog (4 damage)
             ... on level 4 of the Dungeon.
             The game lasted 00:07:00 (2803 turns).

Borgoz the Skirmisher (Ghoul Abyssal Knight)        Turns: 2803, Time: 00:07:00

Health: 0/53       AC:  6    Str: 16    XL:     6   Next: 62%
Magic:  7/7        EV: 10    Int:  7    God:    Lugonu [***...]
Gold:   218        SH:  0    Dex: 10    Spells: 5/5 levels left

rFire    + . .     SeeInvis .   a - +2 hand axe
rCold    + + .     Gourm    .   (no shield)
rNeg     + + +     Faith    .   g - +0 scale mail
rPois    ∞         Spirit   .   (no helmet)
rElec    .         Reflect  .   k - scarf {rC+ rF+}
rCorr    .         Harm     .   (no gloves)
MR       .....                  (no boots)
Stlth    ..........             (no amulet)
HPRegen  0.00/turn              (no ring)
MPRegen  0.10/turn              (no ring)

@: rotting
A: rotting body, claws 1, carnivore, cold resistance 1, negative energy
resistance 3, inhibited regeneration, torment resistance, unbreathing
a: Depart the Abyss, Bend Space, Banish, Renounce Religion


You were on level 4 of the Dungeon.
You worshipped Lugonu.
Lugonu was most pleased with you.
You were not hungry.

You visited 1 branch of the dungeon, and saw 4 of its levels.
You visited the Abyss 1 time.
You also visited: Sewer.

You collected 218 gold pieces.

Inventory:

Hand Weapons
 a - a +2 hand axe (weapon)
Armour
 g - a +0 scale mail (worn)
 k - a scarf of resistance (worn)
 l - a cursed +0 ring mail
 s - a cursed +0 leather armour
Scrolls
 d - a scroll of enchant weapon
 h - a scroll of blinking
Potions
 b - a potion of brilliance
 i - a potion of curing {unknown}
 j - 2 potions of heal wounds
 n - a potion of flight
 p - a potion of resistance
 q - a potion of mutation
Comestibles
 c - 7 rations


   Skills:
 + Level 4.4 Fighting
 * Level 3.9 Axes
 + Level 2.9 Armour
 + Level 2.3 Dodging
 + Level 3.4 Invocations


You had 5 spell levels left.
You didn't know any spells.
Your spell library was empty.

Dungeon Overview and Level Annotations

Branches:
Dungeon (4/15)
 Temple: D:4-7

Altars:
Makhleb
Yredelemnul


Innate Abilities, Weirdness & Mutations

Your body is rotting away.
You thrive on raw meat.
You are immune to poison.
You have sharp fingernails.
You are carnivorous and can eat meat at any time.
Your flesh is cold resistant. (rC+)
You are immune to negative energy. (rN+++)
You do not regenerate when monsters are visible.
You are immune to unholy pain and torment.
You can survive without breathing.


Message History

You hit the ogre.
The ogre is lightly wounded.
You closely miss the bullfrog.
The bullfrog hits you but does no damage.
The ogre closely misses you. The bullfrog barely misses you.
You hit the ogre.
The ogre is moderately wounded.
You miss the bullfrog. The bullfrog barely misses you.
The ogre closely misses you.
You hit the ogre.
The ogre is moderately wounded.
You hit the bullfrog. The bullfrog barely misses you.
The bullfrog hits you but does no damage.
The ogre hits you with a +0 giant club!
* * * LOW HITPOINT WARNING * * *
The bullfrog barely misses you. The bullfrog barely misses you.
There is a stone staircase leading up here.
The bullfrog hits you.
You die...

#....#
#....#
#....#
#....#
#....#
#....+ .
#....#####.♣
#..@.....PP♣
#..F......♣♣
#..O.....PP.
#.........PP
#....#####P
#....'...#
#....#...#
#....#...+
#....#...#


You could see an ogre and a bullfrog.

Vanquished Creatures
  A big kobold (Sewer)
  A hound (D:3)
  An orc wizard (D:3)
  8 adders
  3 river rats
  A shadow imp (D:3)
  3 worms
  3 dart slugs
  4 leopard geckos
  7 orcs (D:3)
  A ball python (D:1)
  2 giant cockroaches (D:3)
  8 goblins
  6 hobgoblins
  11 jackals
  11 kobolds
  A quokka (D:2)
  9 bats
  3 frilled lizards
  15 rats
99 creatures vanquished.

Notes
Turn   | Place    | Note
-------+----------+-------------------------------------------
     0 | Abyss:1  | Borgoz the Ghoul Abyssal Knight began the quest for the
                  | Orb.
     0 | Abyss:1  | Reached XP level 1. HP: 19/19 MP: 1/1
    24 | Abyss:1  | Noticed a spatial maelstrom
    25 | D:1      | Escaped the Abyss
   159 | D:1      | Reached * piety under Lugonu
   163 | D:1      | Reached skill level 1 in Dodging
   163 | D:1      | Reached XP level 2. HP: 18/26 MP: 2/2
   781 | D:2      | Reached XP level 3. HP: 26/31 MP: 3/3
   910 | D:2      | Found a basalt altar of Yredelemnul.
  1146 | D:2      | Reached ** piety under Lugonu
  1236 | D:2      | Reached XP level 4. HP: 24/39 MP: 4/4
  1657 | D:3      | Reached skill level 4 in Fighting
  1657 | D:3      | Reached XP level 5. HP: 12/45 MP: 6/6
  1735 | D:3      | Found a burning altar of Makhleb.
  1861 | D:3      | Found a glowing drain.
  1886 | D:3      | HP: 2/46 [worm (8)]
  1905 | D:3      | HP: 2/46 [worm (6)]
  1969 | Sewer    | Entered a sewer
  1985 | Sewer    | Reached XP level 6. HP: 25/52 MP: 7/7
  2092 | Sewer    | Found a white marble altar of Elyvilon.
  2387 | D:3      | Reached *** piety under Lugonu
  2803 | D:4      | Slain by a bullfrog

Vault maps used:
D:1:      dpeg_arrival_three_same_balls
D:2:      nicolae_overflow_crystal_walls
D:3:      makhleb_heckhound_becter, portal_sewer_entry_b
D:4:      lemuel_doored_altar, lemuel_crystal_altar, serial_forest,
          infiniplex_forest_clump_diagonal, infiniplex_forest_straight_4,
          infiniplex_forest_zigzag_1, infiniplex_forest_lined_room_3,
          infiniplex_forest_straight_3, infiniplex_forest_clump_long,
          infiniplex_forest_clump_diagonal, infiniplex_forest_clump_tiny,
          infiniplex_forest_lined_corner, uniq_grinder
Abyss:1:  hangedman_abyss_or_decor_jellyfish_corner
Sewer:    sewer_kobolds

Skill      XL: |  1  2  3  4  5 |
---------------+----------------+-----
Axes           | 2 3 |  3.9
Dodging        | 1 2 |  2.3
Armour         | 2 |  2.9
Fighting       | 4 |  4.4
Invocations    | 3 |  3.4

Action                   |  1- 3 |  4- 6 || total
-------------------------+-------+-------++-------
Melee: Hand axe          |   144 |   253 ||   397
Invok: Depart the Abyss  |     1 |       ||     1
  Use: Scroll            |       |     9 ||     9
       Potion            |       |     5 ||     5
  Eat: Chunk             |     7 |    37 ||    44
Armor: Leather armour    |     1 |       ||     1
       Scale mail        |    65 |   117 ||   182
Dodge: Dodged            |    81 |   151 ||   232

Table legend:
 A = Non-vault XP
 B = Vault XP
 C = Vault XP percentage of total XP
 D = Non-vault monster count
 E = Vault monster count
 F = Vault count percentage of total count
                 A         B        C        D         E       F
            +---------+---------+-------+---------+---------+-------
      Total |     288 |     218 |  43.1 |      81 |      18 |  18.2
            +---------+---------+-------+---------+---------+-------
        D:1 |      30 |       0 |   0.0 |      15 |       0 |   0.0
        D:2 |      71 |       0 |   0.0 |      25 |       0 |   0.0
        D:3 |     174 |      77 |  30.7 |      40 |       7 |  14.9
        D:4 |      13 |       0 |   0.0 |       1 |       0 |   0.0
      Sewer |       0 |     141 | 100.0 |       0 |      11 | 100.0
            +---------+---------+-------+---------+---------+-------
